 Seeded DCSS version 0.30.1-11-g7821555f0a (webtiles) character file.

Game seed: 5 (custom seed)

1927 Kazon the Chopper (level 9, -5/71 HPs)
             Began as a Ghoul Gladiator on Oct 31, 2023.
             Was a Believer of Makhleb.
             Slain by a sky beast (6 damage)
             ... on level 7 of the Dungeon.
             The game lasted 00:21:38 (3982 turns).

Kazon the Chopper (Ghoul Gladiator)                 Turns: 3982, Time: 00:21:38

Health: -5/71      AC:  7    Str: 20    XL:     9   Next: 17%
Magic:  0/20       EV:  8    Int:  5    God:    Makhleb [**....]
Gold:   273        SH: 13    Dex: 16    Spells: 8/8 levels left

rFire   . . .        f - +0 hand axe (flame)
rCold   + . .        c - +0 tower shield
rNeg    + + +        H - +0 scale mail
rPois   ∞            j - +0 helmet
rElec   .            (no cloak)
rCorr   .            (no gloves)
SInv    .            (no boots)
Will    .....        E - amulet of guardian spirit
Stlth   +            s - ring of magical power
HPRegen 0.00/turn    B - +6 ring of dexterity
MPRegen 0.17/turn

%: guardian spirit
@: inhibited regen
A: claws 1, cold resistance 1, negative energy resistance 3, inhibited
regeneration, torment resistance 2, devour on kill
a: Renounce Religion, Minor Destruction


You were on level 7 of the Dungeon.
You worshipped Makhleb.
Makhleb was pleased with you.
You visited 2 branches of the dungeon, and saw 8 of its levels.

You collected 273 gold pieces.

Inventory:

Hand Weapons
 a - a +0 war axe
 b - a +0 vampiric hand axe
 e - a +2 vampiric dagger
 f - a +0 hand axe of flaming (weapon)
 m - a +3 battleaxe of freezing
Missiles
 d - 3 throwing nets
 g - 20 stones (quivered)
 k - 4 boomerangs
 r - 5 poisoned darts
 y - a javelin
Armour
 c - a +0 tower shield (worn)
 j - a +0 helmet (worn)
 H - a +0 scale mail (worn)
Jewellery
 s - a ring of magical power (left claw)
 B - a +6 ring of dexterity (right claw)
 E - an amulet of guardian spirit (around neck)
Wands
 z - a wand of paralysis (8)
Scrolls
 h - a scroll of fog {unknown}
 n - a scroll of blinking {unknown}
 o - 2 scrolls of identify {unknown}
 p - a scroll of summoning {unknown}
 q - 2 scrolls of magic mapping {unknown}
 t - 2 scrolls of teleportation {unknown}
 x - a scroll of torment {unknown}
 A - a scroll of amnesia {unknown}
 G - a scroll of poison {unknown}
 I - a scroll of enchant armour {unknown}
Potions
 l - 3 potions of curing {unknown}
 u - 4 potions of flight {unknown}
 v - a potion of berserk rage {unknown}
 w - a potion of invisibility
 C - 2 potions of heal wounds {unknown}
 D - a potion of lignification {unknown}
 F - a potion of attraction {unknown}


   Skills:
 + Level 3.9 Fighting
 + Level 2.1 Short Blades
 + Level 6.1 Axes
 + Level 3.0 Throwing
 + Level 2.8 Armour
 + Level 3.9 Dodging
 + Level 2.7 Stealth
 + Level 3.4 Shields
 + Level 4.2 Invocations
 * Level 3.0 Evocations


You had 8 spell levels left.
You didn't know any spells.
Your spell library contained the following spells:

 Spells                   Type           Power      Damage    Failure   Level
 Frozen Ramparts          Ice            0%         1d1       100%        3
 Ignite Poison            Fire/Tmut/Pois 0%         N/A       100%        3
 Sticky Flame             Conj/Fire      0%         2d3       100%        4
 Summon Ice Beast         Ice/Summ       0%         N/A       100%        4
 Summon Forest            Summ/Tloc      0%         N/A       100%        5
 Eringya's Noxious Bog    Tmut/Pois      0%         N/A       100%        6
 Summon Hydra             Summ           0%         N/A       100%        7
 Ignition                 Fire           0%         3d3       100%        8
 Ice Form                 Ice/Tmut       Unusable   N/A       N/A         4

Dungeon Overview and Level Annotations

Branches:
Dungeon (7/15)             Temple (1/1) D:4

Altars:
Dithmenos
Fedhas
Gozag
Hepliaklqana
Makhleb
Qazlal
Wu Jian
Xom


Innate Abilities, Weirdness & Mutations

You are immune to poison.
You have sharp fingernails.
Your flesh is cold resistant. (rC+)
You are immune to negative energy. (rN+++)
You do not regenerate when monsters are visible.
You are immune to unholy pain and torment.
You thrive by killing the living.


Message History

You closely miss the sky beast.
The sky beast is moderately wounded.
The sky beast hits you but does no damage.
You closely miss the sky beast.
The sky beast is moderately wounded.
The sky beast hits you but does no damage.
You hit the sky beast. You burn the sky beast.
The sky beast is moderately wounded.
The sky beast hits you.
* * * LOW HITPOINT WARNING * * *
The sky beast shocks you.
* * * LOW HITPOINT WARNING * * *
You barely miss the sky beast.
The sky beast is moderately wounded.
The sky beast hits you but does no damage.
You block the sky beast's attack.
You hit the sky beast. You burn the sky beast.
The sky beast is heavily wounded.
You hear the slow hiss of a very distant avalanche of sand.
The sky beast hits you but does no damage.
You hit the sky beast. You burn the sky beast.
The sky beast is heavily wounded.
The sky beast closely misses you.
You closely miss the sky beast.
The sky beast is heavily wounded.
You block the sky beast's attack. x2
You barely miss the sky beast.
The sky beast is heavily wounded.
The sky beast hits you but does no damage.
You closely miss the sky beast.
The sky beast is heavily wounded.
The sky beast misses you.
You hit the sky beast. You burn the sky beast.
The sky beast is severely wounded.
The sky beast hits you but does no damage.
You block the sky beast's attack.
You hit the sky beast. You burn the sky beast.
The sky beast is almost dead.
The sky beast hits you. The sky beast shocks you.
You die...

#.# #.# #.# #.#
###.#######.#
...##......#
#..##.######
#..##.# #..##)#
#.#########..##.##
......Y@.........#
..######.#######.#
#.# .# #.# .# [.#
.# #># .# #.# .#
#.#


You could see a sky beast.

Vanquished Creatures
  Sigmund (D:4)
  Duvessa (D:6)
  A water moccasin (D:6)
  2 black bears (D:4)
  A centaur (D:6)
  An ogre (D:5)
  2 scorpions
  5 wights (D:7)
  Dowan (D:6)
  A howler monkey (D:6)
  5 hounds
  A jelly (D:5)
  3 orc priests (D:6)
  6 iguanas
  4 orc wizards (D:6)
  4 gnolls (D:5)
  9 adders
  2 ufetubi
  3 worms
  14 orcs
  4 bats
  9 endoplasms
  A giant cockroach (D:1)
  12 goblins
  7 hobgoblins
  11 jackals
  3 kobolds
  3 quokkas (D:4)
  6 ball pythons
  3 frilled lizards
  4 rats
130 creatures vanquished.

Notes
Turn   | Place    | Note
-------+----------+-------------------------------------------
     0 | D:1      | Kazon the Ghoul Gladiator began the quest for the Orb.
     0 | D:1      | Reached XP level 1. HP: 17/17 MP: 0/0
    42 | D:1      | Identified a scroll of acquirement
    42 | D:1      | Acquired a +3 battleaxe of freezing
    57 | D:1      | Reached XP level 2. HP: 24/24 MP: 1/1
   107 | D:1      | Reached skill level 3 in Axes
   313 | D:1      | Reached XP level 3. HP: 29/29 MP: 2/2
   831 | D:2      | Reached skill level 1 in Stealth
   896 | D:2      | Reached XP level 4. HP: 37/37 MP: 3/3
  1659 | D:3      | Found a blossoming altar of Fedhas.
  1670 | D:3      | Reached skill level 1 in Shields
  1670 | D:3      | Reached XP level 5. HP: 42/42 MP: 4/4
  1754 | D:3      | Found a stormy altar of Qazlal.
  1871 | D:3      | Found a faded altar of an unknown god.
  1928 | D:3      | Identified the +2 sling "Qeuhanocyt" {speed, rElec Str-3
                  | Dex+2}
  1980 | D:4      | Found a staircase to the Ecumenical Temple.
  1988 | Temple   | Entered the Ecumenical Temple
  2004 | Temple   | Became a worshipper of Makhleb the Destroyer
  2070 | D:4      | Noticed a black bear
  2089 | D:4      | Killed a black bear
  2090 | D:4      | Reached skill level 4 in Axes
  2090 | D:4      | Reached skill level 1 in Armour
  2097 | D:4      | Found a hazy altar of Hepliaklqana.
  2099 | D:4      | Found a shadowy altar of Dithmenos.
  2099 | D:4      | Noticed a shadow
  2118 | D:4      | Reached XP level 6. HP: 50/50 MP: 5/5
  2176 | D:4      | Noticed Sigmund
  2191 | D:4      | Killed Sigmund
  2192 | D:4      | Reached skill level 1 in Short Blades
  2192 | D:4      | Reached skill level 1 in Invocations
  2509 | D:4      | Reached skill level 1 in Evocations
  2558 | D:4      | Reached XP level 7. HP: 57/57 MP: 7/7
  2786 | D:5      | Entered Level 5 of the Dungeon
  2815 | D:5      | Reached * piety under Makhleb
  2964 | D:5      | Reached skill level 5 in Axes
  2982 | D:5      | Reached XP level 8. HP: 43/63 MP: 8/8
  3300 | D:6      | Found a shimmering altar of Xom.
  3660 | D:6      | Reached ** piety under Makhleb
  3690 | D:6      | Noticed Duvessa
  3690 | D:6      | Noticed Dowan
  3712 | D:6      | Killed Duvessa
  3725 | D:6      | Killed Dowan
  3726 | D:6      | Reached skill level 6 in Axes
  3821 | D:7      | Reached XP level 9. HP: 58/71 MP: 11/11
  3974 | D:7      | HP: 3/71 [sky beast (1)]
  3974 | D:7      | HP: 1/71 [sky beast (2)]
  3982 | D:7      | Slain by a sky beast

Illustrated notes

Levels and vault maps discovered:
D:1:      ebering_trefoil_3fold, layout_basic, st_stairs_14, serial_bayou_ford_a
D:2:      layout_basic, hangedman_decor_growths, minmay_close_crescents
D:3:      layout_rooms, mainiacjoe_overflow_concentric_impassable,
          mainiacjoe_overflow_paths, shapermc_ecumenical_altar_acropolis,
          chequers_serial_rivers_micro_b
D:4:      layout_basic, riverfiend_overflow_shadow_ancestor,
          minmay_temple_entry_glass, uniq_sigmund
D:5:      layout_gridville
D:6:      layout_basic, xom_teletrap_fun, uniq_duvessa
D:7:      layout_loops_ring, enter_ossuary_3, roderic_batcave
Temple:   nicolae_temple_elliptical

Skill      XL: |  1  2  3  4  5  6  7  8  9 |
---------------+----------------------------+-----
Dodging        | 3 |  3.9
Axes           | 3 4 5 6 |  6.1
Stealth        | 1 2 |  2.7
Shields        | 1 2 3 |  3.4
Armour         | 1 2 |  2.8
Short Blades   | 1 2 |  2.1
Throwing       | 2 3 |  3.0
Invocations    | 1 2 4 |  4.2
Fighting       | 3 |  3.9
Evocations     | 1 2 3 |  3.0

Action                     |  1- 3 |  4- 6 |  7- 9 || total
---------------------------+-------+-------+-------++-------
  Melee: War axe           |    16 |       |       ||    16
         Battleaxe         |    81 |   125 |    73 ||   279
         Hand axe          |       |       |   155 ||   155
  Throw: Stone             |       |    19 |     8 ||    27
         Javelin           |       |     1 |       ||     1
         Dart              |       |     3 |    18 ||    21
         Boomerang         |       |       |    30 ||    30
 Invoke: Minor Destruction |       |       |    10 ||    10
    Use: Scroll            |     2 |       |       ||     2
         Potion            |     1 |       |     2 ||     3
   Stab: Sleeping          |       |     1 |     2 ||     3
         Distracted        |       |     1 |       ||     1
         Invisible         |       |       |     2 ||     2
 Armour: Leather armour    |    35 |    30 |    13 ||    78
         Scale mail        |       |       |    52 ||    52
  Dodge: Dodged            |    85 |   115 |    93 ||   293
  Block: Tower shield      |       |       |   117 ||   117
